 Dungeon Crawl Stone Soup version 0.28-a0-1518-gbe868bca14 (webtiles) character file.

Game seed: 4845758773243126636

30 Majang the Chopper (level 3, -3/31 HPs)
             Began as a Ghoul Gladiator on Jan 17, 2022.
             Slain by a gnoll (8 damage)
             ... on level 1 of the Dungeon.
             The game lasted 00:02:07 (913 turns).

Majang the Chopper (Ghoul Gladiator)                 Turns: 913, Time: 00:02:08

Health: -3/31      AC:  4    Str: 19    XL:     3   Next: 18%
Magic:  2/2        EV: 12    Int:  3    God:
Gold:   47         SH:  0    Dex: 10    Spells: 2/2 levels left

rFire   . . .      SeeInvis .   a - +0 war axe
rCold   + . .      Faith    .   (no shield)
rNeg    + + +      Spirit   .   b - +0 leather armour
rPois   ∞          Reflect  .   c - +0 helmet
rElec   .          Harm     .   (no cloak)
rCorr   .          Rampage  .   (no gloves)
Will    .....                   (no boots)
Stlth   +.........              (no amulet)
HPRegen 0.00/turn               (no ring)
MPRegen 0.08/turn               (no ring)

@: inhibited regen
A: claws 1, cold resistance 1, negative energy resistance 3, inhibited
regeneration, torment resistance 2
a: no special abilities


You were on level 1 of the Dungeon.
You visited 1 branch of the dungeon, and saw 2 of its levels.

You collected 47 gold pieces.

Inventory:

Hand Weapons
 a - a +0 war axe (weapon)
Missiles
 d - 3 throwing nets (quivered)
 e - 6 curare-tipped darts
 j - 2 poisoned darts
Armour
 b - a +0 leather armour (worn)
 c - a +0 helmet (worn)
Scrolls
 f - 2 scrolls of teleportation {unknown}
 g - a scroll of fear {unknown}
 h - a scroll of enchant weapon {unknown}
Potions
 i - a potion of curing {unknown}
 k - a potion of degeneration {unknown}


   Skills:
 * Level 3.1 Fighting
 * Level 3.3 Axes
 - Level 1.7 Throwing
 - Level 2.6 Dodging


You had 2 spell levels left.
You didn't know any spells.
Your spell library was empty.

Dungeon Overview and Level Annotations

Branches:
Dungeon (2/15)

Altars:


Innate Abilities, Weirdness & Mutations

You thrive by killing the living.
You are immune to poison.
You have sharp fingernails.
Your flesh is cold resistant. (rC+)
You are immune to negative energy. (rN+++)
You do not regenerate when monsters are visible.
You are immune to unholy pain and torment.


Message History

The adder closely misses you. The adder barely misses you.
You hit the adder.
You kill the adder!
You feel better.
You have reached level 3!
Your experience leads to an increase in your attributes!
Increase (S)trength, (I)ntelligence, or (D)exterity?
You feel stronger. x2
You start resting.
HP restored.
k - a green potion A worm comes into view.
Found a stone staircase leading down. 2 gnolls come into view.
Found a stone staircase leading down.
The gnoll shouts!
The worm misses you.
A gnoll comes into view. It is wielding a +0 club.
The gnoll barely misses you.
There is a stone staircase leading down here.
There is a stone staircase leading up here.
A kobold comes into view. It is wielding a +0 club.
The kobold shouts!
The kobold moves out of view.
The gnoll misses you.
There is a stone staircase leading up here.
The gnoll misses you. x2
You climb upwards.
There is a stone staircase leading down here.
There are monsters nearby!
You closely miss the gnoll. You hit the gnoll. The gnoll closely misses you.
The gnoll hits you with a +0 flail!
You closely miss the gnoll. You hit the gnoll.
The gnoll hits you with a +0 spear. The gnoll hits you with a +0 flail.
The gnoll hits you with a +0 spear.
You closely miss the gnoll. You hit the gnoll.
The gnoll hits you with a +0 flail!
* * * LOW HITPOINT WARNING * * *
The gnoll hits you with a +0 spear!
You die...

....##..#.......# #...# #.
#.#..#.#######.### ###.# #)
)#.#...# #.......#####.#### #.
#.#..#.###.###.#.##.......# #.
....##..##.......##.##.##.# ##
#.###..[.#..#..........##.#######
...............#.##.##.(.........
###.#........#.#g##.##.##.#######
# #.............@##.##.##.#
#####....##.....g##.......#
.###.#######.#########.#####
#...## #...# #.......# #..##
#...######.#.###.###### #..####
#........#.#..##.......
......#####...†###.#.............
.#.##.#............#.............
.#...............................


You could see 2 gnolls.

Vanquished Creatures
  An adder (D:2)
  A dart slug (D:1)
  2 bats (D:1)
  3 endoplasms (D:1)
  A giant cockroach (D:1)
  2 hobgoblins (D:1)
  2 ball pythons (D:1)
  2 frilled lizards (D:1)
  2 goblins (D:1)
  A kobold (D:1)
  2 rats (D:1)
19 creatures vanquished.

Notes
Turn   | Place    | Note
-------+----------+-------------------------------------------
     0 | D:1      | Majang the Ghoul Gladiator began the quest for the Orb.
     0 | D:1      | Reached XP level 1. HP: 17/17 MP: 0/0
   198 | D:1      | Reached XP level 2. HP: 25/25 MP: 1/1
   781 | D:2      | Reached XP level 3. HP: 20/31 MP: 2/2
   913 | D:1      | Slain by a gnoll

Illustrated notes

Levels and vault maps discovered:
D:1:      nicolae_arrival_washed_ashore, layout_loops_cross, minmay_box_of_dots
D:2:      layout_rooms, shapermc_ecumenical_altar_mp_urbaneastern

Skill      XL: |  1  2 |
---------------+-------+-----
Axes           | 3 |  3.3
Fighting       | 3 |  3.1
Throwing       | |  1.7
Dodging        | |  2.6

Action                   || total
-------------------------++-------
Melee: War axe           ||    46
       Punch             ||     1
Armor: Leather armour    ||    13
Dodge: Dodged            ||    41

Table legend: (Time is in decaauts)
 A = Elapsed time spent in this place.
 B = Non-inter-level travel time spent in this place.
 C = Inter-level travel time spent in this place.
 D = Time resting spent in this place.
 E = Time spent auto-exploring this place.
 F = Levels seen in this place.
 G = Mean time per level.
                   A        B        C        D        E       F      G
               +--------+--------+--------+--------+--------+-----+--------+
         Total |    929 |    873 |     56 |    104 |    613 |   2 |  464.5 |
       Dungeon |    929 |    873 |     56 |    104 |    613 |   2 |  464.5 |
               +--------+--------+--------+--------+--------+-----+--------+

Top non-repeatable levels by time:
     D:1: 780 daAuts
     D:2: 148 daAuts
